 Dungeon Crawl Stone Soup version 0.21.1-1-g345015fe64 (webtiles) character file.

184 Gargoyl the Skirmisher (level 5, -1/46 HPs)
             Began as a Centaur Abyssal Knight on June 19, 2018.
             Was a Believer of Lugonu.
             Slain by an iguana (8 damage)
             ... on level 4 of the Dungeon.
             The game lasted 00:05:00 (2869 turns).

Gargoyl the Skirmisher (Centaur Abyssal Knight)     Turns: 2869, Time: 00:05:00

Health: -1/46      AC:  7    Str: 15    XL:     5   Next: 36%
Magic:  7/7        EV:  6    Int: 11    God:    Lugonu [**....]
Gold:   180        SH:  0    Dex:  9    Spells: 4/4 levels left

rFire    x . .     SeeInvis .   a - +1 hand axe
rCold    + + .     Gourm    .   (no shield)
rNeg     . . .     Faith    .   l - +0 ice dragon scales
rPois    .         Spirit   .   (no helmet)
rElec    .         Reflect  .   (no cloak)
rCorr    .         Harm     .   (no gloves)
MR       .....                  (no barding)
Stlth    ..........             (no amulet)
HPRegen  0.15/turn              (no ring)
MPRegen  0.10/turn              (no ring)

@: heavily drained, very quick
A: large, hooves 3, deformed body, speed 2, tough skin 3
a: Depart the Abyss, Bend Space, Renounce Religion


You were on level 4 of the Dungeon.
You worshipped Lugonu.
Lugonu was pleased with you.
You were hungry.

You visited 1 branch of the dungeon, and saw 4 of its levels.
You visited the Abyss 1 time.

You collected 180 gold pieces.

Inventory:

Hand Weapons
 a - a +1 hand axe (weapon)
Missiles
 e - 10 tomahawks
 f - 3 exploding tomahawks (quivered)
Armour
 d - a +0 scale mail
 k - a +2 shield
 l - +0 ice dragon scales (worn)
Jewellery
 g - an uncursed amulet of harm
Scrolls
 b - a scroll of remove curse
 h - a scroll of teleportation
 i - a scroll of amnesia
Potions
 j - a potion of haste {unknown}
Comestibles
 c - 6 rations


   Skills:
 + Level 3.7(2.1) Fighting
 + Level 2.9(1.3) Axes
 * Level 2.7(1.1) Armour
 + Level 1.0(0.0) Dodging
 * Level 3.0(1.3) Invocations


You had 4 spell levels left.
You didn't know any spells.

Dungeon Overview and Level Annotations

Branches:
Dungeon (4/15)
 Temple: D:4-7

Altars:
Fedhas
Trog
Xom

Annotations:
D:3 kaisn's ghost, amateur DDFi


Innate Abilities, Weirdness & Mutations

You have hooves in place of feet.
Armour fits poorly on your strangely shaped body.
You cover ground very quickly.
You have extremely tough skin. (AC +3)


Message History

You hit the iguana. Your kick misses the iguana.
The iguana is moderately wounded.
The iguana bites you but does no damage.
You barely miss the iguana.
The iguana is moderately wounded.
The iguana barely misses you.
You hit the iguana but do no damage. You kick the iguana.
The iguana is severely wounded.
The iguana barely misses you.
You barely miss the iguana. Your kick misses the iguana.
The iguana is severely wounded.
The iguana bites you! x2
You hit the iguana but do no damage. Your kick misses the iguana.
The iguana is severely wounded.
The iguana bites you!
* * * LOW HITPOINT WARNING * * *
You hit the iguana.
The iguana is almost dead.
The iguana bites you!
You die...

##+##########
#...........#
#[.....@l...#
#....$.....?#
##'##########
#.....# ###.###'##
.........#
..##......######.#
## #.........(...#
#.......######


You could see an iguana.

Vanquished Creatures
  Natasha (thrice) (D:2)
  4 adders
  2 oozes (D:1)
  A worm (D:3)
  A dart slug (D:2)
  5 leopard geckos
  4 orcs (D:3)
  4 giant cockroaches
  7 goblins
  5 hobgoblins
  5 kobolds
  A quokka (D:3)
  6 bats
  4 frilled lizards
  4 rats
56 creatures vanquished.

Vanquished Creatures (others)
  2 starspawn tentacles (Abyss:3)
2 creatures vanquished.

Grand Total: 58 creatures vanquished

Notes
Turn   | Place    | Note
-------+----------+-------------------------------------------
     0 | Abyss:1  | Gargoyl the Centaur Abyssal Knight began the quest for the Orb.
     0 | Abyss:1  | Reached XP level 1. HP: 19/19 MP: 2/2
    39 | Abyss:1  | Noticed a small abomination
    91 | Abyss:2  | Noticed a large abomination
    93 | Abyss:2  | Noticed a large abomination
   130 | Abyss:3  | Noticed a tentacled starspawn
   130 | Abyss:3  | Noticed a small abomination
   149 | Abyss:3  | Noticed a thrashing horror
   149 | Abyss:3  | Noticed a thrashing horror
   154 | D:1      | Escaped the Abyss
   257 | D:1      | Reached XP level 2. HP: 26/26 MP: 3/3
   282 | D:1      | Reached * piety under Lugonu
   503 | D:1      | Reached XP level 3. HP: 31/31 MP: 4/4
  1373 | D:2      | Noticed Natasha
  1379 | D:2      | Killed Natasha
  1379 | D:2      | Reached XP level 4. HP: 27/40 MP: 5/5
  1603 | D:2      | Noticed Natasha
  1611 | D:2      | Killed Natasha
  1717 | D:2      | Found a shimmering altar of Xom.
  1728 | D:2      | Found a blossoming altar of Fedhas.
  1733 | D:2      | Found a bloodstained altar of Trog.
  1819 | D:3      | Reached ** piety under Lugonu
  1900 | D:3      | Reached XP level 5. HP: 36/46 MP: 7/7
  2075 | D:3      | Noticed kaisn's ghost (amateur DDFi)
  2229 | D:2      | Noticed Natasha
  2234 | D:2      | Killed Natasha
  2234 | D:2      | Reached skill level 1 in Dodging
  2869 | D:4      | Slain by an iguana

Skill      XL: |  1  2  3  4  5 |
---------------+----------------+-----
Axes           | 2 |  2.9
Armour         | 2 |  2.7
Dodging        | 1 |  1.0
Invocations    | 3 |  3.0
Fighting       | |  3.7

Action                   |  1- 3 |  4- 6 || total
-------------------------+-------+-------++-------
Melee: Hand axe          |    80 |   113 ||   193
       Kick              |    14 |    21 ||    35
Invok: Depart the Abyss  |     1 |       ||     1
  Use: Scroll            |     7 |     1 ||     8
       Potion            |     1 |     1 ||     2
  Eat: Chunk             |       |     4 ||     4
Armor: Scale mail        |    61 |       ||    61
       Ice dragon scales |       |    81 ||    81
Dodge: Dodged            |    42 |    42 ||    84
